Little Stars vs Wolfpack
Created - November 27, 2022 at 22:35
Goals
|
| Little Stars |
1 |
1 |
0 |
0 |
2 |
3 |
| Wolfpack |
1 |
1 |
0 |
0 |
1 |
2 |
|
Shots
|
| Little Stars |
13 |
10 |
9 |
0 |
6 |
32 |
| Wolfpack |
14 |
7 |
9 |
1 |
6 |
31 |
|
1st period
1. Wolfpack , Alexander Barabanov 4 (Jonas Brodin 4, Ivan Fedotov) at 17:14
2. Little Stars , Henrik Borgstrom 8 (Alex Belzile 1, Adam Tambellini 6) at 19:16
Penalties :
No Penalty
2nd period
3. Little Stars , Anton Cederholm 1 (Daniel O'regan 6, Jordan LaVallee 6) at 1:19 (PP)
4. Wolfpack , Dryden Hunt 2 (Nolan Patrick 3) at 4:56
Penalties :
Samuel Blais (Har) for Hooking (Minor) at 0:41, Connor Knapp (Tex) for Slashing (Minor) at 2:26 - Alex Belzile served the penalty, Seth Griffith (Har) for Tripping (Minor) at 6:24, Eric Knodel (Tex) for Interference (Minor) at 10:07, Cale Fleury (Har) for Roughing (Minor) at 15:15, Owen Tippet (Har) for Roughing (Minor) at 19:00
3rd period
No Goal
Penalties :
David Pope (Har) for Hooking (Minor) at 13:40
Overtime #1
No Goal
Penalties :
No Penalty
Shootout
Little Stars, Ilya Mikheyev - Stopped by Ivan Fedotov
Wolfpack, David Pope - Stopped by Connor Knapp
Little Stars, Jordan LaVallee - Stopped by Ivan Fedotov
Wolfpack, Seth Griffith - Shot Misses the Net
Little Stars, Adam Tambellini - Stopped by Ivan Fedotov
Wolfpack, Samuel Blais - Stopped by Connor Knapp
Little Stars, Daniel O'regan - Stopped by Ivan Fedotov
Wolfpack, Sebastian Collberg - Stopped by Connor Knapp
Little Stars, Henrik Borgstrom - Goal!
Wolfpack, Connor Chatam - Goal!
Little Stars, Joakim Nygard - Goal!
Wolfpack, Alexander Barabanov - Stopped by Connor Knapp
Penalties :
No Penalty
Goalie Stats
Connor Knapp (Tex), 29 saves from 31 shots - (0.935), W, 2-3-1, 65:00 minutes
Ivan Fedotov (Har), 30 saves from 32 shots - (0.938), OTL, 3-1-5, 65:00 minutes
Players Stats for Little Stars
Player Name G A P +/- PIM S H SB GA TA FO MP PP MP PK MP
------------------------------------------------------------------------------------
Adam Tambellini 0 1 1 0 0 3 1 1 0 0 0/0 19:18 3:47 1:28
Alex Belzile 0 1 1 0 0 2 3 2 0 0 0/0 17:41 3:47 0:00
Anton Cederholm 1 0 1 0 0 2 1 3 1 0 0/0 30:28 5:34 2:25
Daniel O'regan 0 1 1 0 0 1 2 0 0 0 21/34 25:28 4:14 2:15
Eric Knodel 0 0 0 0 2 1 1 3 1 1 0/0 29:19 5:34 1:07
Frederic Allard 0 0 0 0 0 1 1 1 0 2 0/0 12:31 0:00 0:00
Henrik Borgstrom 1 0 1 0 0 3 0 1 0 0 6/12 19:12 3:47 1:15
Ilya Mikheyev 0 0 0 0 0 4 2 0 0 0 0/0 21:22 4:14 0:00
Jason Dickinson 0 0 0 0 0 3 5 1 0 1 3/3 11:51 0:02 0:31
Joakim Nygard 0 0 0 0 0 2 0 0 0 0 0/0 12:40 0:34 0:12
Jordan LaVallee 0 1 1 0 0 4 1 1 0 1 0/2 25:31 4:13 2:15
Justin Auger 0 0 0 -1 0 0 1 0 0 0 0/1 8:41 0:33 0:00
Matt Luff 0 0 0 0 0 1 0 0 0 0 0/0 9:28 0:00 0:00
Michael Mersch 0 0 0 -1 0 2 1 1 0 0 0/0 7:38 0:31 0:00
Reece Willcox 0 0 0 -1 0 1 1 1 0 1 0/0 22:01 3:00 1:33
Roman Horak 0 0 0 -1 0 0 2 0 0 0 1/3 7:02 0:00 0:00
Tucker Poolman 0 0 0 -1 0 1 3 1 0 1 0/0 22:35 3:00 2:08
Ville Pokka 0 0 0 0 0 1 0 0 0 0 0/0 13:15 0:00 0:43
Players Stats for Wolfpack
Player Name G A P +/- PIM S H SB GA TA FO MP PP MP PK MP
------------------------------------------------------------------------------------
Alex Barre-Boulet 0 0 0 0 0 1 1 0 0 0 1/2 7:25 0:00 0:00
Alexander Barabanov 1 0 1 0 0 1 1 0 1 0 1/1 8:50 0:00 0:00
Alexander Volkov 0 0 0 0 0 1 1 1 0 0 0/0 7:25 0:00 0:00
Brett Ponich 0 0 0 0 0 1 4 2 0 0 0/0 31:52 2:48 5:10
Cale Fleury 0 0 0 1 2 0 0 1 0 0 0/0 12:33 0:00 0:00
Casey Mittelstadt 0 0 0 0 0 4 1 0 1 0 4/11 18:40 2:01 2:15
Connor Chatam 0 0 0 0 0 2 0 0 0 0 3/5 19:14 2:01 1:53
David Pope 0 0 0 0 2 0 2 0 0 1 0/0 24:43 1:57 4:04
Derrick Pouliot 0 0 0 0 0 1 1 0 1 1 0/0 31:52 2:48 5:10
Dryden Hunt 1 0 1 1 0 3 2 1 0 0 0/1 13:39 0:12 1:40
Jonas Brodin 0 1 1 0 0 4 1 0 0 0 0/0 20:59 1:10 3:24
Nolan Patrick 0 1 1 1 0 0 0 0 0 0 3/7 11:43 0:00 1:35
Owen Tippet 0 0 0 1 2 0 0 0 0 0 0/0 9:48 0:00 0:00
Ryan Culkin 0 0 0 1 0 0 1 0 0 0 0/0 12:09 0:00 0:00
Samuel Blais 0 0 0 0 2 6 1 3 4 0 0/0 18:42 2:01 2:26
Sebastian Collberg 0 0 0 0 0 2 0 1 0 0 1/2 17:42 1:57 0:00
Seth Griffith 0 0 0 0 2 3 1 0 0 0 11/26 23:06 1:45 3:15
Steven Santini 0 0 0 0 0 2 3 1 0 0 0/0 20:59 1:10 3:24
3 Stars
1 - Dryden Hunt (Har)
2 - Anton Cederholm (Tex)
3 - Connor Knapp (Tex)
Power Play
Little Stars - 1 on 5 Attempt(s) - 20.00%
Wolfpack - 0 on 2 Attempt(s) - 0.00%
Penalty Kill
Little Stars - 2 on 2 Attempt(s) - 100.00%
- Score 0 goal in Penalty Kill
Wolfpack - 4 on 5 Attempt(s) - 80.00%
- Score 0 goal in Penalty Kill
Team Stat
Little Stars - Hits : 25 - Faceoff Wins : 31 - Blocked Shots : 16 - Penalty Minutes : 4
Wolfpack - Hits : 20 - Faceoff Wins : 24 - Blocked Shots : 10 - Penalty Minutes : 10
Official
Referees : Kevin Pollock and Michael Markovic
Linesman : Tyson Baker and Kiel Murchison
Game Notes
No Game Note
Finance
Level 1 -- Attendance: 1846 (92.30%) -- Ticket Income $64,610
Level 2 -- Attendance: 954 (95.40%) -- Ticket Income $14,310
Total Attendance: 2800 (93.33%)
Total Ticket Income: $78,920
Other Income: $3,946
Total Income: $82,866
Little Stars
5 vs 5 Forward
Center Left Wing Right Wing Time % Phy DF OF
1 Daniel O'regan Jordan LaVallee Ilya Mikheyev 40 1 2 2
2 Henrik Borgstrom Adam Tambellini Alex Belzile 30 1 2 2
3 Jason Dickinson Joakim Nygard Matt Luff 20 1 2 2
4 Roman Horak Michael Mersch Justin Auger 10 1 2 2
5 vs 5 Defense
Defense Defense Time % Phy DF OF
1 Anton Cederholm Eric Knodel 40 1 2 2
2 Reece Willcox Tucker Poolman 30 1 2 2
3 Ville Pokka Frederic Allard 20 1 2 2
4 Anton Cederholm Eric Knodel 10 1 2 2
PowerPlay Forward
Center Left Wing Right Wing Time % Phy DF OF
1 Daniel O'regan Jordan LaVallee Ilya Mikheyev 60 1 2 2
2 Henrik Borgstrom Adam Tambellini Alex Belzile 40 1 2 2
PowerPlay Defense
Defense Defense Time % Phy DF OF
1 Anton Cederholm Eric Knodel 60 1 2 2
2 Reece Willcox Tucker Poolman 40 1 2 2
Penalty Kill 4 Players Forward
Center Wing Time % Phy DF OF
1 Daniel O'regan Jordan LaVallee 60 1 2 2
2 Henrik Borgstrom Adam Tambellini 40 1 2 2
Penalty Kill 4 Players Defense
Defense Defense Time % Phy DF OF
1 Anton Cederholm Eric Knodel 60 1 2 2
2 Reece Willcox Tucker Poolman 40 1 2 2
Penalty Kill - 3 Players Forward
Forward Time % Phy DF OF
1 Daniel O'regan 60 1 2 2
2 Henrik Borgstrom 40 1 2 2
Penalty Kill - 3 Players Defense
Defense Defense Time % Phy DF OF
1 Anton Cederholm Eric Knodel 60 1 2 2
2 Reece Willcox Tucker Poolman 40 1 2 2
4 vs 4 Forward
Center Wing Time % Phy DF OF
1 Daniel O'regan Jordan LaVallee 60 1 2 2
2 Henrik Borgstrom Adam Tambellini 40 1 2 2
4 vs 4 Defense
Defense Defense Time % Phy DF OF
1 Anton Cederholm Eric Knodel 60 1 2 2
2 Reece Willcox Tucker Poolman 40 1 2 2
Last Minutes Offensive
Center Left Wing Right Wing Defense Defense
Daniel O'regan Jordan LaVallee Ilya Mikheyev Anton Cederholm Eric Knodel
Last Minutes Defensive
Center Left Wing Right Wing Defense Defense
Daniel O'regan Jordan LaVallee Ilya Mikheyev Anton Cederholm Eric Knodel
Goaltenders
Starting : Connor Knapp
Backup : Michael Houser
Extra Forwards
Normal : Henrik Borgstrom, Joakim Nygard, Alex Belzile - PP : Henrik Borgstrom, Joakim Nygard - PK : Henrik Borgstrom
Extra Defensemen
Normal : Tucker Poolman, Ville Pokka, Frederic Allard - PP : Tucker Poolman - PK : Tucker Poolman, Ville Pokka
Penalty Shots
Ilya Mikheyev, Jordan LaVallee, Adam Tambellini, Daniel O'regan, Henrik Borgstrom
Scratches
Filip Chytil (Healthy), Emile Poirier (Healthy), Jean-Christophe Beaudin (Healthy), Lawrence Pilut (Healthy), Connor Mackey (Healthy)
Radel Fazleev (Healthy), Rudolfs Balcers (Healthy), Shane Gersich (Healthy), Yakov Trenin (Healthy), Joey Anderson (Healthy)
Jonathan Dahlen (Healthy), Givani Smith (Healthy), Danil Tarasov (Healthy)
Wolfpack
5 vs 5 Forward
Center Left Wing Right Wing Time % Phy DF OF
1 Seth Griffith David Pope Sebastian Collberg 40 1 2 2
2 Casey Mittelstadt Samuel Blais Connor Chatam 30 1 2 2
3 Nolan Patrick Dryden Hunt Owen Tippet 20 1 2 2
4 Alex Barre-Boulet Alexander Barabanov Alexander Volkov 10 1 2 2
5 vs 5 Defense
Defense Defense Time % Phy DF OF
1 Brett Ponich Derrick Pouliot 40 1 2 2
2 Jonas Brodin Steven Santini 30 1 2 2
3 Ryan Culkin Cale Fleury 20 1 2 2
4 Brett Ponich Derrick Pouliot 10 1 2 2
PowerPlay Forward
Center Left Wing Right Wing Time % Phy DF OF
1 Seth Griffith David Pope Sebastian Collberg 60 1 2 2
2 Casey Mittelstadt Samuel Blais Connor Chatam 40 1 2 2
PowerPlay Defense
Defense Defense Time % Phy DF OF
1 Brett Ponich Derrick Pouliot 60 1 2 2
2 Jonas Brodin Steven Santini 40 1 2 2
Penalty Kill 4 Players Forward
Center Wing Time % Phy DF OF
1 Seth Griffith David Pope 60 1 2 2
2 Casey Mittelstadt Samuel Blais 40 1 2 2
Penalty Kill 4 Players Defense
Defense Defense Time % Phy DF OF
1 Brett Ponich Derrick Pouliot 60 1 2 2
2 Jonas Brodin Steven Santini 40 1 2 2
Penalty Kill - 3 Players Forward
Forward Time % Phy DF OF
1 Seth Griffith 60 1 2 2
2 Casey Mittelstadt 40 1 2 2
Penalty Kill - 3 Players Defense
Defense Defense Time % Phy DF OF
1 Brett Ponich Derrick Pouliot 60 1 2 2
2 Jonas Brodin Steven Santini 40 1 2 2
4 vs 4 Forward
Center Wing Time % Phy DF OF
1 Seth Griffith David Pope 60 1 2 2
2 Casey Mittelstadt Samuel Blais 40 1 2 2
4 vs 4 Defense
Defense Defense Time % Phy DF OF
1 Brett Ponich Derrick Pouliot 60 1 2 2
2 Jonas Brodin Steven Santini 40 1 2 2
Last Minutes Offensive
Center Left Wing Right Wing Defense Defense
Seth Griffith David Pope Sebastian Collberg Brett Ponich Derrick Pouliot
Last Minutes Defensive
Center Left Wing Right Wing Defense Defense
Seth Griffith David Pope Sebastian Collberg Brett Ponich Derrick Pouliot
Goaltenders
Starting : Ivan Fedotov
Backup : Mike Condon
Extra Forwards
Normal : Connor Chatam, Dryden Hunt, Alexander Barabanov - PP : Connor Chatam, Dryden Hunt - PK : Connor Chatam
Extra Defensemen
Normal : Steven Santini, Ryan Culkin, Cale Fleury - PP : Steven Santini - PK : Steven Santini, Ryan Culkin
Penalty Shots
David Pope, Seth Griffith, Samuel Blais, Sebastian Collberg, Connor Chatam
Scratches
Ryan Poehling (Healthy), Mason Shaw (Healthy), Colton White (Healthy), Jacob Middleton (Healthy), Jake Marchment (Healthy)
Joel Kiviranta (Healthy), Dylan Samberg (Healthy), Joshua Jacobs (Healthy), Mikhail Vorobyev (Healthy), Will Borgen (Healthy)
Andrew Peeke (Healthy), Dante Fabbro (Healthy), Jeffrey Viel (Healthy), Yegor Korshkov (Healthy), Linus Sandin (Healthy)
Harru Sateri (Healthy), Jake Paterson (Healthy)
% Time on Ice - Little Stars
Lines # - Real PCT - Wanted PCT - Time Play
Normal Forward
1 - 36% - 40% - 16:58
2 - 32% - 30% - 14:58
3 - 19% - 20% - 8:54
4 - 14% - 10% - 6:38
Normal Defense
1 - 40% - 40% - 19:00
2 - 32% - 30% - 14:59
3 - 25% - 20% - 11:50
4 - 3% - 10% - 1:39
PP Forward
1 - 54% - 60% - 4:36
2 - 46% - 40% - 3:58
PP Defense
1 - 65% - 60% - 5:34
2 - 35% - 40% - 3:00
PK Forward
1 - 82% - 60% - 3:15
2 - 18% - 40% - 0:43
PK Defense
1 - 68% - 60% - 2:41
2 - 32% - 40% - 1:17
PK3 Forward
1 - 0% - 60%
2 - 0% - 40%
PK3 Defense
1 - 0% - 60%
2 - 0% - 40%
44 Forward
1 - 86% - 60% - 4:17
2 - 14% - 40% - 0:43
44 Defense
1 - 60% - 60% - 3:01
2 - 40% - 40% - 1:59
Last Minute Offensive - 0:00
Last Minute Defensive - 0:00
Total
Forward - 65:00
Defense - 65:00
|
% Time on Ice - Wolfpack
Lines # - Real PCT - Wanted PCT - Time Play
Normal Forward
1 - 36% - 40% - 17:00
2 - 29% - 30% - 13:57
3 - 19% - 20% - 9:06
4 - 16% - 10% - 7:25
Normal Defense
1 - 42% - 40% - 19:48
2 - 30% - 30% - 14:08
3 - 25% - 20% - 11:55
4 - 3% - 10% - 1:37
PP Forward
1 - 49% - 60% - 1:57
2 - 51% - 40% - 2:01
PP Defense
1 - 71% - 60% - 2:48
2 - 29% - 40% - 1:10
PK Forward
1 - 76% - 60% - 6:32
2 - 24% - 40% - 2:02
PK Defense
1 - 60% - 60% - 5:10
2 - 40% - 40% - 3:24
PK3 Forward
1 - 0% - 60%
2 - 0% - 40%
PK3 Defense
1 - 0% - 60%
2 - 0% - 40%
44 Forward
1 - 77% - 60% - 3:51
2 - 23% - 40% - 1:09
44 Defense
1 - 50% - 60% - 2:29
2 - 50% - 40% - 2:31
Last Minute Offensive - 0:00
Last Minute Defensive - 0:00
Total
Forward - 65:00
Defense - 65:00
|
Play-by-Play
1st period
0:01 of 1st period - Daniel O'regan wins face-off versus Seth Griffith in neutral zone.
0:54 of 1st period - Slapshot by Samuel Blais.
0:54 of 1st period - Stopped by Connor Knapp without a rebound.
0:55 of 1st period - Casey Mittelstadt wins face-off versus Justin Auger in Little Stars zone.
1:02 of 1st period - Slapshot by Jonas Brodin.
1:02 of 1st period - Deflect By Ville Pokka.
1:02 of 1st period - Stopped by Connor Knapp with a rebound.
1:04 of 1st period - Slapshot by Steven Santini.
1:04 of 1st period - Shot Blocked by Michael Mersch.
1:06 of 1st period - Slapshot by Jonas Brodin.
1:06 of 1st period - Deflect By Frederic Allard.
1:06 of 1st period - Stopped by Connor Knapp with a rebound.
1:08 of 1st period - Slapshot by Jonas Brodin.
1:08 of 1st period - Shot Blocked by Frederic Allard.
1:42 of 1st period - Backhand shot by Connor Chatam.
1:42 of 1st period - Stopped by Connor Knapp without a rebound.
1:43 of 1st period - Daniel O'regan wins face-off versus Nolan Patrick in Little Stars zone.
2:10 of 1st period - Anton Cederholm is hit by Seth Griffith.
2:18 of 1st period - Snap shot by Henrik Borgstrom.
2:18 of 1st period - Shot Blocked by Sebastian Collberg.
2:39 of 1st period - Slapshot by Jonas Brodin.
2:39 of 1st period - Shot Misses the Net.
2:41 of 1st period - Slapshot by Steven Santini.
2:41 of 1st period - Stopped by Connor Knapp without a rebound.
2:42 of 1st period - Nolan Patrick wins face-off versus Daniel O'regan in Little Stars zone.
2:55 of 1st period - Wrist shot by Daniel O'regan.
2:55 of 1st period - Shot Misses the Net.
2:59 of 1st period - Snap shot by Daniel O'regan.
2:59 of 1st period - Shot Blocked by Brett Ponich.
3:09 of 1st period - Reece Willcox is hit by David Pope and loses puck.
3:34 of 1st period - Snap shot by Samuel Blais.
3:34 of 1st period - Shot Misses the Net.
3:36 of 1st period - Snap shot by Casey Mittelstadt.
3:36 of 1st period - Stopped by Connor Knapp with a rebound.
3:38 of 1st period - Snap shot by Casey Mittelstadt.
3:38 of 1st period - Stopped by Connor Knapp with a rebound.
3:56 of 1st period - Wrist shot by Jordan LaVallee.
3:56 of 1st period - Shot Blocked by Cale Fleury.
3:58 of 1st period - Slapshot by Jordan LaVallee.
3:58 of 1st period - Stopped by Ivan Fedotov with a rebound.
4:56 of 1st period - Snap shot by Samuel Blais.
4:56 of 1st period - Stopped by Connor Knapp without a rebound.
4:57 of 1st period - Daniel O'regan wins face-off versus Casey Mittelstadt in Little Stars zone.
5:22 of 1st period - Brett Ponich is hit by Alex Belzile and loses puck.
5:29 of 1st period - Snap shot by Adam Tambellini.
5:29 of 1st period - Shot Blocked by Brett Ponich.
5:31 of 1st period - Snap shot by Adam Tambellini.
5:31 of 1st period - Shot Misses the Net.
5:43 of 1st period - Backhand shot by Owen Tippet.
5:43 of 1st period - Shot Misses the Net.
5:49 of 1st period - Brett Ponich is hit by Tucker Poolman and loses puck.
6:12 of 1st period - Slapshot by Daniel O'regan.
6:12 of 1st period - Shot Misses the Net.
6:49 of 1st period - Wrist shot by David Pope.
6:49 of 1st period - Shot Blocked by Tucker Poolman.
7:01 of 1st period - Wrist shot by Matt Luff.
7:01 of 1st period - Stopped by Ivan Fedotov with a rebound.
8:13 of 1st period - Snap shot by Samuel Blais.
8:13 of 1st period - Stopped by Connor Knapp with a rebound.
8:51 of 1st period - Snap shot by Sebastian Collberg.
8:51 of 1st period - Stopped by Connor Knapp without a rebound.
8:52 of 1st period - Jason Dickinson wins face-off versus Casey Mittelstadt in Little Stars zone.
8:52 of 1st period - Jason Dickinson is hit by Jonas Brodin.
8:58 of 1st period - Jonas Brodin is hit by Jason Dickinson and loses puck.
9:31 of 1st period - Cale Fleury is hit by Jordan LaVallee and loses puck.
9:52 of 1st period - Snap shot by Alex Belzile.
9:52 of 1st period - Shot Hit the Post.
9:54 of 1st period - Wrist shot by Henrik Borgstrom.
9:54 of 1st period - Deflect By Adam Tambellini.
9:54 of 1st period - Stopped by Ivan Fedotov with a rebound.
9:56 of 1st period - Snap shot by Anton Cederholm.
9:56 of 1st period - Stopped by Ivan Fedotov with a rebound.
10:32 of 1st period - Snap shot by Jason Dickinson.
10:32 of 1st period - Shot Misses the Net.
10:38 of 1st period - Wrist shot by Joakim Nygard.
10:38 of 1st period - Shot Misses the Net.
10:56 of 1st period - Wrist shot by Ilya Mikheyev.
10:56 of 1st period - Stopped by Ivan Fedotov with a rebound.
10:58 of 1st period - Slapshot by Frederic Allard.
10:58 of 1st period - Deflect By Steven Santini.
10:58 of 1st period - Stopped by Ivan Fedotov with a rebound.
11:00 of 1st period - Snap shot by Jordan LaVallee.
11:00 of 1st period - Shot Misses the Net.
11:16 of 1st period - Steven Santini is hit by Alex Belzile and loses puck.
12:19 of 1st period - Snap shot by Michael Mersch.
12:19 of 1st period - Shot Misses the Net.
12:31 of 1st period - Icing by Alex Belzile.
12:32 of 1st period - Henrik Borgstrom wins face-off versus Nolan Patrick in Little Stars zone.
12:56 of 1st period - Snap shot by Adam Tambellini.
12:56 of 1st period - Stopped by Ivan Fedotov without a rebound.
12:57 of 1st period - Daniel O'regan wins face-off versus Seth Griffith in Wolfpack zone.
13:33 of 1st period - Wrist shot by Alexander Barabanov.
13:33 of 1st period - Shot Misses the Net.
13:45 of 1st period - Samuel Blais is hit by Adam Tambellini and loses puck.
14:04 of 1st period - Derrick Pouliot is hit by Jason Dickinson and loses puck.
14:17 of 1st period - Snap shot by Jason Dickinson.
14:17 of 1st period - Stopped by Ivan Fedotov with a rebound.
14:27 of 1st period - Dryden Hunt is hit by Roman Horak and loses puck.
14:32 of 1st period - Wrist shot by Michael Mersch.
14:32 of 1st period - Shot Misses the Net.
15:06 of 1st period - Wrist shot by Samuel Blais.
15:06 of 1st period - Shot Blocked by Eric Knodel.
15:30 of 1st period - Backhand shot by Alexander Volkov.
15:30 of 1st period - Stopped by Connor Knapp with a rebound.
15:32 of 1st period - Snap shot by Alexander Barabanov.
15:32 of 1st period - Shot Misses the Net.
15:34 of 1st period - Slapshot by Brett Ponich.
15:34 of 1st period - Shot Misses the Net.
15:46 of 1st period - Backhand shot by Henrik Borgstrom.
15:46 of 1st period - Stopped by Ivan Fedotov without a rebound.
15:47 of 1st period - Henrik Borgstrom wins face-off versus Seth Griffith in Wolfpack zone.
16:02 of 1st period - Snap shot by Adam Tambellini.
16:02 of 1st period - Shot Misses the Net.
16:12 of 1st period - Casey Mittelstadt is hit by Jason Dickinson and loses puck.
16:19 of 1st period - Slapshot by Matt Luff.
16:19 of 1st period - Deflect By Jason Dickinson.
16:19 of 1st period - Stopped by Ivan Fedotov with a rebound.
17:14 of 1st period - Wrist shot by Alexander Barabanov.
17:14 of 1st period - Goal by Alexander Barabanov - Little Stars : 0 - Wolfpack : 1.
17:15 of 1st period - Daniel O'regan wins face-off versus Seth Griffith in neutral zone.
17:19 of 1st period - Icing by David Pope.
17:20 of 1st period - Seth Griffith wins face-off versus Daniel O'regan in Wolfpack zone.
17:57 of 1st period - Connor Chatam is hit by Tucker Poolman and loses puck.
18:16 of 1st period - Slapshot by Brett Ponich.
18:16 of 1st period - Shot Blocked by Reece Willcox.
18:18 of 1st period - Wrist shot by Derrick Pouliot.
18:18 of 1st period - Deflect By Jason Dickinson.
18:18 of 1st period - Stopped by Connor Knapp without a rebound.
18:19 of 1st period - Seth Griffith wins face-off versus Daniel O'regan in Little Stars zone.
18:20 of 1st period - Wrist shot by Sebastian Collberg.
18:20 of 1st period - Stopped by Connor Knapp with a rebound.
18:22 of 1st period - Snap shot by Sebastian Collberg.
18:22 of 1st period - Shot Blocked by Anton Cederholm.
18:29 of 1st period - Icing by Anton Cederholm.
18:30 of 1st period - Daniel O'regan wins face-off versus Seth Griffith in Little Stars zone.
19:06 of 1st period - Slapshot by Adam Tambellini.
19:06 of 1st period - Stopped by Ivan Fedotov without a rebound.
19:07 of 1st period - Henrik Borgstrom wins face-off versus Seth Griffith in Wolfpack zone.
19:14 of 1st period - Wrist shot by Alex Belzile.
19:14 of 1st period - Stopped by Ivan Fedotov with a rebound.
19:16 of 1st period - Wrist shot by Henrik Borgstrom.
19:16 of 1st period - Goal by Henrik Borgstrom - Little Stars : 1 - Wolfpack : 1.
19:17 of 1st period - Seth Griffith wins face-off versus Daniel O'regan in neutral zone.
19:30 of 1st period - Snap shot by Sebastian Collberg.
19:30 of 1st period - Shot Blocked by Eric Knodel.
19:32 of 1st period - Wrist shot by Brett Ponich.
19:32 of 1st period - Deflect By David Pope.
19:32 of 1st period - Shot Misses the Net.
19:32 of 1st period - Puck is out of play.
19:33 of 1st period - Henrik Borgstrom wins face-off versus Casey Mittelstadt in Little Stars zone.
19:58 of 1st period - Eric Knodel is hit by Brett Ponich and loses puck.
Goals for this period are 1 for Little Stars vs 1 for Wolfpack.
Shots for this period are 13 for Little Stars vs 14 for Wolfpack.
2nd period
0:01 of 2nd period - Daniel O'regan wins face-off versus Seth Griffith in neutral zone.
0:04 of 2nd period - Seth Griffith is hit by Ilya Mikheyev and loses puck.
0:10 of 2nd period - Brett Ponich is hit by Eric Knodel and loses puck.
0:25 of 2nd period - Wrist shot by Samuel Blais.
0:25 of 2nd period - Shot Blocked by Henrik Borgstrom.
0:41 of 2nd period - Minor Penalty to Samuel Blais for Hooking.
0:42 of 2nd period - Seth Griffith wins face-off versus Daniel O'regan in Wolfpack zone.
0:49 of 2nd period - Snap shot by Ilya Mikheyev.
0:49 of 2nd period - Stopped by Ivan Fedotov without a rebound.
0:50 of 2nd period - Daniel O'regan wins face-off versus Seth Griffith in Wolfpack zone.
0:55 of 2nd period - Snap shot by Ilya Mikheyev.
0:55 of 2nd period - Shot Misses the Net.
1:17 of 2nd period - Snap shot by Daniel O'regan.
1:17 of 2nd period - Shot Misses the Net.
1:19 of 2nd period - Slapshot by Anton Cederholm.
1:19 of 2nd period - Goal by Anton Cederholm - Little Stars : 2 - Wolfpack : 1.
1:20 of 2nd period - Daniel O'regan wins face-off versus Seth Griffith in neutral zone.
1:27 of 2nd period - Slapshot by Jordan LaVallee.
1:27 of 2nd period - Stopped by Ivan Fedotov with a rebound.
1:29 of 2nd period - Wrist shot by Ilya Mikheyev.
1:29 of 2nd period - Stopped by Ivan Fedotov with a rebound.
1:49 of 2nd period - Snap shot by Joakim Nygard.
1:49 of 2nd period - Deflect By Jason Dickinson.
1:49 of 2nd period - Stopped by Ivan Fedotov with a rebound.
1:58 of 2nd period - Icing by Seth Griffith.
1:59 of 2nd period - Seth Griffith wins face-off versus Daniel O'regan in Wolfpack zone.
2:24 of 2nd period - Icing by Alex Belzile.
2:25 of 2nd period - Casey Mittelstadt wins face-off versus Henrik Borgstrom in Little Stars zone.
2:26 of 2nd period - Snap shot by Samuel Blais.
2:26 of 2nd period - Stopped by Connor Knapp without a rebound.
2:26 of 2nd period - Minor Penalty to Connor Knapp for Slashing.
2:27 of 2nd period - Daniel O'regan wins face-off versus Casey Mittelstadt in Little Stars zone.
2:36 of 2nd period - Eric Knodel is hit by Casey Mittelstadt and loses puck.
3:31 of 2nd period - Tucker Poolman is hit by Steven Santini and loses puck.
4:26 of 2nd period - Penalty to Alex Belzile is over, Alex Belzile is back on ice.
4:50 of 2nd period - Off-side.
4:51 of 2nd period - Nolan Patrick wins face-off versus Roman Horak in neutral zone.
4:56 of 2nd period - Slapshot by Dryden Hunt.
4:56 of 2nd period - Goal by Dryden Hunt - Little Stars : 2 - Wolfpack : 2.
4:57 of 2nd period - Daniel O'regan wins face-off versus Seth Griffith in neutral zone.
5:47 of 2nd period - Slapshot by Brett Ponich.
5:47 of 2nd period - Stopped by Connor Knapp without a rebound.
5:48 of 2nd period - Alex Barre-Boulet wins face-off versus Henrik Borgstrom in Little Stars zone.
5:49 of 2nd period - Slapshot by Alexander Volkov.
5:49 of 2nd period - Shot Blocked by Adam Tambellini.
5:53 of 2nd period - Snap shot by Alexander Barabanov.
5:53 of 2nd period - Deflect By Alex Barre-Boulet.
5:53 of 2nd period - Stopped by Connor Knapp with a rebound.
5:57 of 2nd period - Slapshot by Derrick Pouliot.
5:57 of 2nd period - Shot Blocked by Alex Belzile.
6:03 of 2nd period - Wrist shot by Alexander Barabanov.
6:03 of 2nd period - Shot Blocked by Anton Cederholm.
6:12 of 2nd period - Henrik Borgstrom is hit by Brett Ponich and loses puck.
6:24 of 2nd period - Minor Penalty to Seth Griffith for Tripping.
6:25 of 2nd period - Connor Chatam wins face-off versus Daniel O'regan in Wolfpack zone.
6:34 of 2nd period - Off-side.
6:35 of 2nd period - Daniel O'regan wins face-off versus Connor Chatam in neutral zone.
6:38 of 2nd period - Snap shot by Jordan LaVallee.
6:38 of 2nd period - Stopped by Ivan Fedotov without a rebound.
6:39 of 2nd period - Connor Chatam wins face-off versus Daniel O'regan in Wolfpack zone.
6:39 of 2nd period - Connor Chatam is hit by Anton Cederholm.
8:24 of 2nd period - Penalty to Seth Griffith is over, Seth Griffith is back on ice.
8:55 of 2nd period - Off-side.
8:56 of 2nd period - Alexander Barabanov wins face-off versus Roman Horak in neutral zone.
9:21 of 2nd period - Jason Dickinson is hit by Dryden Hunt and loses puck.
9:26 of 2nd period - Wrist shot by Dryden Hunt.
9:26 of 2nd period - Stopped by Connor Knapp without a rebound.
9:27 of 2nd period - Daniel O'regan wins face-off versus Casey Mittelstadt in Little Stars zone.
9:34 of 2nd period - Ryan Culkin is hit by Daniel O'regan and loses puck.
10:07 of 2nd period - Minor Penalty to Eric Knodel for Interference.
10:08 of 2nd period - Seth Griffith wins face-off versus Jordan LaVallee in Little Stars zone.
10:51 of 2nd period - Wrist shot by Henrik Borgstrom.
10:51 of 2nd period - Stopped by Ivan Fedotov without a rebound.
10:52 of 2nd period - Casey Mittelstadt wins face-off versus Jordan LaVallee in Wolfpack zone.
11:05 of 2nd period - Slapshot by Connor Chatam.
11:05 of 2nd period - Shot Misses the Net.
11:07 of 2nd period - Slapshot by Steven Santini.
11:07 of 2nd period - Deflect By Samuel Blais.
11:07 of 2nd period - Shot Blocked by Jordan LaVallee.
11:07 of 2nd period - Puck is out of play.
11:08 of 2nd period - Daniel O'regan wins face-off versus Seth Griffith in Little Stars zone.
12:07 of 2nd period - Penalty to Eric Knodel is over, Eric Knodel is back on ice.
12:08 of 2nd period - Snap shot by Seth Griffith.
12:08 of 2nd period - Stopped by Connor Knapp with a rebound.
12:26 of 2nd period - Michael Mersch is hit by Dryden Hunt and loses puck.
12:45 of 2nd period - Snap shot by Jason Dickinson.
12:45 of 2nd period - Shot Blocked by Steven Santini.
13:22 of 2nd period - Wrist shot by Nolan Patrick.
13:22 of 2nd period - Shot Misses the Net.
13:32 of 2nd period - Samuel Blais is hit by Michael Mersch and loses puck.
13:39 of 2nd period - Wrist shot by Michael Mersch.
13:39 of 2nd period - Shot Misses the Net.
13:41 of 2nd period - Snap shot by Ville Pokka.
13:41 of 2nd period - Stopped by Ivan Fedotov with a rebound.
13:43 of 2nd period - Wrist shot by Tucker Poolman.
13:43 of 2nd period - Stopped by Ivan Fedotov without a rebound.
13:44 of 2nd period - Seth Griffith wins face-off versus Daniel O'regan in Wolfpack zone.
13:44 of 2nd period - Seth Griffith is hit by Ilya Mikheyev.
14:54 of 2nd period - Henrik Borgstrom is hit by Alex Barre-Boulet and loses puck.
15:09 of 2nd period - Snap shot by Nolan Patrick.
15:09 of 2nd period - Deflect By Dryden Hunt.
15:09 of 2nd period - Stopped by Connor Knapp without a rebound.
15:10 of 2nd period - Daniel O'regan wins face-off versus Seth Griffith in Little Stars zone.
15:10 of 2nd period - Daniel O'regan is hit by Ryan Culkin.
15:15 of 2nd period - Minor Penalty to Cale Fleury for Roughing.
15:16 of 2nd period - Daniel O'regan wins face-off versus Seth Griffith in Wolfpack zone.
15:49 of 2nd period - Wrist shot by Adam Tambellini.
15:49 of 2nd period - Shot Misses the Net.
15:51 of 2nd period - Slapshot by Reece Willcox.
15:51 of 2nd period - Stopped by Ivan Fedotov with a rebound.
17:15 of 2nd period - Penalty to Cale Fleury is over, Cale Fleury is back on ice.
18:36 of 2nd period - Adam Tambellini is hit by Steven Santini and loses puck.
18:51 of 2nd period - Dryden Hunt is hit by Tucker Poolman and loses puck.
19:00 of 2nd period - Minor Penalty to Owen Tippet for Roughing.
19:01 of 2nd period - Daniel O'regan wins face-off versus Seth Griffith in Wolfpack zone.
Goals for this period are 1 for Little Stars vs 1 for Wolfpack.
Shots for this period are 10 for Little Stars vs 7 for Wolfpack.
3rd period
0:01 of 3rd period - Daniel O'regan wins face-off versus Seth Griffith in neutral zone.
0:04 of 3rd period - Slapshot by Eric Knodel.
0:04 of 3rd period - Stopped by Ivan Fedotov with a rebound.
0:06 of 3rd period - Snap shot by Ilya Mikheyev.
0:06 of 3rd period - Stopped by Ivan Fedotov with a rebound.
0:08 of 3rd period - Slapshot by Ilya Mikheyev.
0:08 of 3rd period - Shot Misses the Net.
1:00 of 3rd period - Penalty to Owen Tippet is over, Owen Tippet is back on ice.
1:06 of 3rd period - Snap shot by Roman Horak.
1:06 of 3rd period - Shot Misses the Net.
1:08 of 3rd period - Snap shot by Michael Mersch.
1:08 of 3rd period - Deflect By Steven Santini.
1:08 of 3rd period - Shot Blocked by Samuel Blais.
1:08 of 3rd period - Puck is out of play.
1:09 of 3rd period - Roman Horak wins face-off versus Nolan Patrick in Wolfpack zone.
1:18 of 3rd period - Snap shot by Michael Mersch.
1:18 of 3rd period - Stopped by Ivan Fedotov without a rebound.
1:19 of 3rd period - Daniel O'regan wins face-off versus Dryden Hunt in Wolfpack zone.
1:36 of 3rd period - Wrist shot by Daniel O'regan.
1:36 of 3rd period - Stopped by Ivan Fedotov without a rebound.
1:37 of 3rd period - Seth Griffith wins face-off versus Henrik Borgstrom in Wolfpack zone.
2:08 of 3rd period - Eric Knodel is hit by Samuel Blais and loses puck.
2:15 of 3rd period - Slapshot by Samuel Blais.
2:15 of 3rd period - Deflect By Connor Chatam.
2:15 of 3rd period - Shot Blocked by Anton Cederholm.
2:15 of 3rd period - Puck is out of play.
2:16 of 3rd period - Seth Griffith wins face-off versus Henrik Borgstrom in Little Stars zone.
2:42 of 3rd period - Daniel O'regan is hit by Steven Santini and loses puck.
2:47 of 3rd period - Wrist shot by Samuel Blais.
2:47 of 3rd period - Deflect By Connor Chatam.
2:47 of 3rd period - Stopped by Connor Knapp with a rebound.
2:49 of 3rd period - Slapshot by Samuel Blais.
2:49 of 3rd period - Stopped by Connor Knapp with a rebound.
2:51 of 3rd period - Slapshot by Ryan Culkin.
2:51 of 3rd period - Shot Misses the Net.
3:41 of 3rd period - Justin Auger is hit by Alexander Volkov and loses puck.
3:58 of 3rd period - Snap shot by Alex Belzile.
3:58 of 3rd period - Shot Misses the Net.
4:14 of 3rd period - Snap shot by Ilya Mikheyev.
4:14 of 3rd period - Shot Blocked by Samuel Blais.
4:16 of 3rd period - Slapshot by Daniel O'regan.
4:16 of 3rd period - Deflect By Jordan LaVallee.
4:16 of 3rd period - Shot Blocked by Samuel Blais.
4:16 of 3rd period - Puck is out of play.
4:17 of 3rd period - Casey Mittelstadt wins face-off versus Daniel O'regan in Wolfpack zone.
4:17 of 3rd period - Casey Mittelstadt is hit by Frederic Allard.
4:44 of 3rd period - Ryan Culkin is hit by Alex Belzile and loses puck.
5:29 of 3rd period - Nolan Patrick is hit by Justin Auger and loses puck.
5:34 of 3rd period - Snap shot by Michael Mersch.
5:34 of 3rd period - Stopped by Ivan Fedotov with a rebound.
5:36 of 3rd period - Snap shot by Roman Horak.
5:36 of 3rd period - Shot Blocked by Dryden Hunt.
5:47 of 3rd period - Icing by Dryden Hunt.
5:48 of 3rd period - Daniel O'regan wins face-off versus Connor Chatam in Wolfpack zone.
5:57 of 3rd period - Backhand shot by Samuel Blais.
5:57 of 3rd period - Stopped by Connor Knapp with a rebound.
6:19 of 3rd period - Snap shot by Samuel Blais.
6:19 of 3rd period - Deflect By Casey Mittelstadt.
6:19 of 3rd period - Stopped by Connor Knapp with a rebound.
6:35 of 3rd period - Tucker Poolman is hit by Brett Ponich and loses puck.
7:03 of 3rd period - Wrist shot by Samuel Blais.
7:03 of 3rd period - Shot Misses the Net.
7:56 of 3rd period - Icing by Samuel Blais.
7:57 of 3rd period - Henrik Borgstrom wins face-off versus Casey Mittelstadt in Wolfpack zone.
8:30 of 3rd period - Snap shot by Seth Griffith.
8:30 of 3rd period - Shot Blocked by Jason Dickinson.
8:32 of 3rd period - Slapshot by Derrick Pouliot.
8:32 of 3rd period - Shot Misses the Net.
8:34 of 3rd period - Slapshot by Brett Ponich.
8:34 of 3rd period - Deflect By David Pope.
8:34 of 3rd period - Shot Misses the Net.
8:34 of 3rd period - Puck is out of play.
8:35 of 3rd period - Nolan Patrick wins face-off versus Henrik Borgstrom in Little Stars zone.
8:42 of 3rd period - Slapshot by Frederic Allard.
8:42 of 3rd period - Shot Misses the Net.
9:00 of 3rd period - Steven Santini is hit by Jason Dickinson and loses puck.
9:10 of 3rd period - Off-side.
9:11 of 3rd period - Jason Dickinson wins face-off versus Nolan Patrick in neutral zone.
9:25 of 3rd period - Slapshot by Nolan Patrick.
9:25 of 3rd period - Shot Misses the Net.
9:46 of 3rd period - Wrist shot by Alex Belzile.
9:46 of 3rd period - Stopped by Ivan Fedotov without a rebound.
9:47 of 3rd period - Seth Griffith wins face-off versus Henrik Borgstrom in Wolfpack zone.
10:09 of 3rd period - Off-side.
10:10 of 3rd period - Jason Dickinson wins face-off versus Alex Barre-Boulet in neutral zone.
10:13 of 3rd period - Snap shot by Joakim Nygard.
10:13 of 3rd period - Stopped by Ivan Fedotov with a rebound.
10:15 of 3rd period - Slapshot by Eric Knodel.
10:15 of 3rd period - Shot Blocked by Alexander Volkov.
10:17 of 3rd period - Slapshot by Anton Cederholm.
10:17 of 3rd period - Deflect By Joakim Nygard.
10:17 of 3rd period - Deflect By Alex Barre-Boulet.
10:17 of 3rd period - Stopped by Ivan Fedotov with a rebound.
10:42 of 3rd period - Snap shot by Seth Griffith.
10:42 of 3rd period - Stopped by Connor Knapp without a rebound.
10:43 of 3rd period - Daniel O'regan wins face-off versus Sebastian Collberg in Little Stars zone.
11:19 of 3rd period - Slapshot by Jonas Brodin.
11:19 of 3rd period - Shot Misses the Net.
11:21 of 3rd period - Snap shot by Owen Tippet.
11:21 of 3rd period - Shot Misses the Net.
12:17 of 3rd period - Wrist shot by Daniel O'regan.
12:17 of 3rd period - Deflect By Jordan LaVallee.
12:17 of 3rd period - Shot Misses the Net.
12:17 of 3rd period - Puck is out of play.
12:18 of 3rd period - Sebastian Collberg wins face-off versus Daniel O'regan in Wolfpack zone.
12:23 of 3rd period - Snap shot by David Pope.
12:23 of 3rd period - Deflect By Seth Griffith.
12:23 of 3rd period - Stopped by Connor Knapp with a rebound.
12:31 of 3rd period - Wrist shot by Jordan LaVallee.
12:31 of 3rd period - Shot Misses the Net.
12:33 of 3rd period - Slapshot by Ilya Mikheyev.
12:33 of 3rd period - Shot Misses the Net.
12:35 of 3rd period - Snap shot by Jordan LaVallee.
12:35 of 3rd period - Stopped by Ivan Fedotov with a rebound.
13:05 of 3rd period - Frederic Allard is hit by Derrick Pouliot and loses puck.
13:16 of 3rd period - Brett Ponich is hit by Daniel O'regan and loses puck.
13:40 of 3rd period - Minor Penalty to David Pope for Hooking.
13:41 of 3rd period - Henrik Borgstrom wins face-off versus Casey Mittelstadt in Wolfpack zone.
13:41 of 3rd period - Slapshot by Alex Belzile.
13:41 of 3rd period - Shot Misses the Net.
13:47 of 3rd period - Snap shot by Jonas Brodin.
13:47 of 3rd period - Stopped by Connor Knapp with a rebound.
13:49 of 3rd period - Slapshot by Steven Santini.
13:49 of 3rd period - Stopped by Connor Knapp with a rebound.
13:51 of 3rd period - Slapshot by Steven Santini.
13:51 of 3rd period - Shot Misses the Net.
13:53 of 3rd period - Snap shot by Casey Mittelstadt.
13:53 of 3rd period - Shot Misses the Net.
13:55 of 3rd period - Slapshot by Jonas Brodin.
13:55 of 3rd period - Stopped by Connor Knapp with a rebound.
13:57 of 3rd period - Slapshot by Jonas Brodin.
13:57 of 3rd period - Shot Blocked by Alex Belzile.
15:05 of 3rd period - Snap shot by Brett Ponich.
15:05 of 3rd period - Shot Blocked by Eric Knodel.
15:40 of 3rd period - Penalty to David Pope is over, David Pope is back on ice.
17:44 of 3rd period - Reece Willcox is hit by David Pope and loses puck.
19:12 of 3rd period - Derrick Pouliot is hit by Roman Horak and loses puck.
Goals for this period are 0 for Little Stars vs 0 for Wolfpack.
Shots for this period are 9 for Little Stars vs 9 for Wolfpack.
Overtime #1
0:01 of 1st overtime period - Seth Griffith wins face-off versus Daniel O'regan in neutral zone.
0:54 of 1st overtime period - Slapshot by Samuel Blais.
0:54 of 1st overtime period - Deflect By Casey Mittelstadt.
0:54 of 1st overtime period - Stopped by Connor Knapp with a rebound.
1:33 of 1st overtime period - Icing by Jonas Brodin.
1:34 of 1st overtime period - Connor Chatam wins face-off versus Daniel O'regan in Wolfpack zone.
1:41 of 1st overtime period - Wrist shot by Dryden Hunt.
1:41 of 1st overtime period - Shot Misses the Net.
1:55 of 1st overtime period - Eric Knodel is hit by Brett Ponich and loses puck.
2:34 of 1st overtime period - Dryden Hunt is hit by Reece Willcox and loses puck.
3:03 of 1st overtime period - Derrick Pouliot is hit by Jason Dickinson and loses puck.
3:10 of 1st overtime period - Slapshot by Jason Dickinson.
3:10 of 1st overtime period - Shot Misses the Net.
3:12 of 1st overtime period - Wrist shot by Adam Tambellini.
3:12 of 1st overtime period - Shot Misses the Net.
4:03 of 1st overtime period - Ville Pokka is hit by Alexander Barabanov and loses puck.
Goals for this period are 0 for Little Stars vs 0 for Wolfpack.
Shots for this period are 0 for Little Stars vs 1 for Wolfpack.
ShootOut
5:00 of 1st overtime period - Round #1.
5:00 of 1st overtime period - Little Stars, Ilya Mikheyev.
5:00 of 1st overtime period - Deke by Ilya Mikheyev.
5:00 of 1st overtime period - Stopped by Ivan Fedotov.
5:00 of 1st overtime period - Wolfpack, David Pope.
5:00 of 1st overtime period - Wrist shot by David Pope.
5:00 of 1st overtime period - Stopped by Connor Knapp.
5:00 of 1st overtime period - Round #2.
5:00 of 1st overtime period - Little Stars, Jordan LaVallee.
5:00 of 1st overtime period - Snap shot by Jordan LaVallee.
5:00 of 1st overtime period - Stopped by Ivan Fedotov.
5:00 of 1st overtime period - Wolfpack, Seth Griffith.
5:00 of 1st overtime period - Snap shot by Seth Griffith.
5:00 of 1st overtime period - Shot Misses the Net.
5:00 of 1st overtime period - Round #3.
5:00 of 1st overtime period - Little Stars, Adam Tambellini.
5:00 of 1st overtime period - Backhand shot by Adam Tambellini.
5:00 of 1st overtime period - Stopped by Ivan Fedotov.
5:00 of 1st overtime period - Wolfpack, Samuel Blais.
5:00 of 1st overtime period - Deke by Samuel Blais.
5:00 of 1st overtime period - Stopped by Connor Knapp.
5:00 of 1st overtime period - Round #4.
5:00 of 1st overtime period - Little Stars, Daniel O'regan.
5:00 of 1st overtime period - Wrist shot by Daniel O'regan.
5:00 of 1st overtime period - Stopped by Ivan Fedotov.
5:00 of 1st overtime period - Wolfpack, Sebastian Collberg.
5:00 of 1st overtime period - Wrist shot by Sebastian Collberg.
5:00 of 1st overtime period - Stopped by Connor Knapp.
5:00 of 1st overtime period - Round #5.
5:00 of 1st overtime period - Little Stars, Henrik Borgstrom.
5:00 of 1st overtime period - Snap shot by Henrik Borgstrom.
5:00 of 1st overtime period - Goal by Henrik Borgstrom.
5:00 of 1st overtime period - Wolfpack, Connor Chatam.
5:00 of 1st overtime period - Wrist shot by Connor Chatam.
5:00 of 1st overtime period - Goal by Connor Chatam.
5:00 of 1st overtime period - Round #6.
5:00 of 1st overtime period - Little Stars, Joakim Nygard.
5:00 of 1st overtime period - Deke by Joakim Nygard.
5:00 of 1st overtime period - Goal by Joakim Nygard.
5:00 of 1st overtime period - Wolfpack, Alexander Barabanov.
5:00 of 1st overtime period - Wrist shot by Alexander Barabanov.
5:00 of 1st overtime period - Stopped by Connor Knapp.